 Dungeon Crawl Stone Soup version 0.31-a0-1178-gc5c9b8f871 (webtiles) character file.

Game seed: 8614740628959543476

111 qw the Shooter (level 4, 0/28 HPs)
             Began as a Gargoyle Hunter on Dec 11, 2023.
             Slain by a gnoll
             ... wielding a +0 flail
              (8 damage)
             ... on level 3 of the Dungeon.
             The game lasted 00:00:40 (1497 turns).

qw the Shooter (Gargoyle Hunter)                    Turns: 1497, Time: 00:00:41

Health: 0/28       AC:  7    Str: 14    XL:     4   Next: 92%
Magic:  4/4        EV: 11    Int: 10    God:
Gold:   151        SH:  5    Dex: 15    Spells: 3/3 levels left

rFire   . . .        a - +0 shortbow
rCold   . . .        (shield currently unavailable)
rNeg    + . .        c - +1 leather armour
rPois   inf          (no helmet)
rElec   +            (no cloak)
rCorr   .            (no gloves)
SInv    .            (no boots)
Will    .....        h - amulet of reflection
Stlth   ++           (no ring)
HPRegen 0.24/turn    (no ring)
MPRegen 0.09/turn

%: reflection
@: no status effects
A: sickness immunity, AC +3, negative energy resistance 1, electricity
resistance, torment resistance 1, petrification resistance
a: no special abilities


You were on level 3 of the Dungeon.
You visited 1 branch of the dungeon, and saw 3 of its levels.

You collected 151 gold pieces.


Innate Abilities, Weirdness & Mutations

You are immune to sickness and miasma.
Your stone body is resilient. (AC +3)
You are immune to poison.
You resist negative energy. (rN+)
You are resistant to electric shocks. (rElec)
You are resistant to unholy torment.
You are immune to petrification.


   Skills:
 - Level 3.0 Fighting
 + Level 5.7 Ranged Weapons
 - Level 1.5 Dodging
 - Level 1.1 Stealth


You had 3 spell levels left.
You didn't know any spells.
Your spell library was empty.

Inventory:

Hand Weapons
 a - a +0 shortbow (weapon)
Armour
 c - a +1 leather armour (worn)
Jewellery
 h - an amulet of reflection (around neck)
Scrolls
 e - a scroll of teleportation
Potions
 b - a potion of berserk rage {unknown}
 d - 3 potions of mutation
 i - a potion of curing {unknown}
 j - a potion of haste {unknown}
 n - a potion of brilliance {unknown}

Dungeon Overview and Level Annotations

Branches:
Dungeon (3/15)

Altars:

Shops:
D:1 =


Message History

You shoot an arrow. The arrow barely misses the adder.
The adder bites you but does no damage. The gnoll closely misses you.
You block the adder's attack. The frilled lizard closely misses you.
You shoot an arrow. The arrow misses the adder.
The arrow hits the gnoll but does no damage.
The adder bites you but does no damage. You block the frilled lizard's attack.
You shoot an arrow. The arrow closely misses the adder.
The arrow hits the gnoll.
The gnoll is lightly wounded.
The adder closely misses you. The frilled lizard misses you.
You block the gnoll's attack. The adder bites you but does no damage.
You shoot an arrow. The arrow closely misses the adder.
The arrow completely misses the gnoll.
The frilled lizard barely misses you. You block the adder's attack.
The gnoll hits you with a +0 flail.
You shoot an arrow. The arrow hits the adder!
You kill the adder!
The frilled lizard bites you but does no damage.
The gnoll hits you with a +0 flail.
You shoot an arrow. The arrow hits the gnoll.
The gnoll is moderately wounded.
You block the frilled lizard's attack. The gnoll barely misses you.
The gnoll hits you with a +0 flail. The frilled lizard bites you.
The gnoll closely misses you. The gnoll barely misses you.
You shoot an arrow. The arrow hits the gnoll.
The gnoll is heavily wounded.
The frilled lizard misses you. The gnoll hits you but does no damage.
The gnoll hits you with a +0 flail.
You shoot an arrow. The arrow hits the gnoll!
You kill the gnoll!
The frilled lizard bites you but does no damage.
The gnoll hits you with a +0 flail.
You shoot an arrow.
The arrow hits the gnoll but does no damage.
The frilled lizard bites you but does no damage.
The gnoll hits you with a +0 flail. The gnoll hits you but does no damage.
You shoot an arrow. The arrow closely misses the gnoll.
The frilled lizard bites you but does no damage.
The gnoll hits you with a +0 flail!
You die...

#?..###...#
#....#....#
#.......#
#.<.8.>.#
##.......#
#.$..#....#
##...##
..g# #.lgg#
... +.8@##
8. #...# g
##+##


You could see 2 gnolls and a frilled lizard.

Vanquished Creatures
  Natasha (D:1)
  A gnoll (D:3)
  An adder (D:3)
  2 worms (D:2)
  A dart slug (D:2)
  4 orcs (D:2)
  2 bats (D:1)
  4 endoplasms
  3 giant cockroaches
  9 hobgoblins
  6 kobolds
  4 quokkas
  A ball python (D:2)
  3 frilled lizards
  6 goblins
  4 rats
52 creatures vanquished.

Notes
Turn   | Place    | Note
-------+----------+-------------------------------------------
     0 | D:1      | qw the Gargoyle Hunter began the quest for the Orb.
     0 | D:1      | Reached XP level 1. HP: 12/12 MP: 1/1
     0 | D:1      | 0 ||| qw: Version: 0.3-a-106-g2cfff9e
     0 | D:1      | 0 ||| qw: Game counter: 1961
     0 | D:1      | 0 ||| qw: Melee chars always use a shield: true
     0 | D:1      | 0 ||| qw: God list: Okawaru
     0 | D:1      | 0 ||| qw: Allow faded altars: false
     0 | D:1      | 0 ||| qw: Do Orc after clearing Dungeon:15 true
     0 | D:1      | 0 ||| qw: Do second Lair branch before Depths: true
     0 | D:1      | 0 ||| qw: Lair rune preference: random
     0 | D:1      | 0 ||| qw: Goals: Normal, Save, Zot:1-4, Win
     0 | D:1      | 0 ||| PLANNING D:1-11
   112 | D:1      | Reached XP level 2. HP: 17/17 MP: 2/2
   379 | D:1      | Found Wyrac's Jewellery Emporium.
   386 | D:1      | 386 ||| SHOPLISTING +5 ring of evasion (468 gold, have
                  | 117).
   386 | D:1      | 386 ||| SHOPLISTING +6 ring of strength (468 gold, have
                  | 117).
   386 | D:1      | 386 ||| SHOPLISTING ring of positive energy (260 gold, have
                  | 117).
   386 | D:1      | 386 ||| SHOPLISTING ring of protection from fire (325 gold,
                  | have 117).
   386 | D:1      | 386 ||| SHOPLISTING ring of see invisible (195 gold, have
                  | 117).
   758 | D:1      | 758 ||| UPGRADING to amulet of reflection.
   763 | D:1      | 763 ||| READING scroll labelled IXTIBL UNWOEST.
   768 | D:1      | 768 ||| READING scroll labelled NIREUF XARULO.
   769 | D:1      | 769 ||| READING scroll labelled ZEOPUB AZIW.
   769 | D:1      | 769 ||| IDENTIFYING 3 fuming amethyst potions
   770 | D:1      | 770 ||| DROPPING scroll of butterflies.
   809 | D:2      | Noticed Natasha
   811 | D:2      | 811 ||| STAIRDANCE
   822 | D:2      | 822 ||| STAIRDANCE
   827 | D:1      | Reached XP level 3. HP: 17/21 MP: 3/3
   845 | D:2      | 845 ||| STAIRDANCE
   893 | D:2      | 893 ||| STAIRDANCE
   897 | D:1      | HP: 4/21 [Natasha (4)]
   898 | D:1      | Killed Natasha
   899 | D:1      | Reached skill level 5 in Ranged Weapons
   971 | D:2      | 971 ||| STAIRDANCE
  1003 | D:2      | Reached XP level 4. HP: 27/27 MP: 4/4
  1198 | D:2      | Reached skill level 3 in Fighting
  1333 | D:2      | 1333 ||| FLEEEEING.
  1334 | D:2      | 1334 ||| FLEEEEING.
  1466 | D:2      | 1466 ||| DROPPING scarf of invisibility.
  1467 | D:2      | 1467 ||| DROPPING +6 ring of intelligence.
  1468 | D:2      | 1468 ||| READING scroll labelled ZIESIELEMA.
  1469 | D:2      | 1469 ||| READING scroll labelled PYNNYT SEKUPI.
  1469 | D:2      | 1469 ||| ENCHANTING +0 leather armour.
  1470 | D:2      | 1470 ||| READING scroll labelled XIFIDDA TEENN.
  1478 | D:3      | 1478 ||| Stepping ~*~*~tactically~*~*~ (retreating).
  1482 | D:3      | 1482 ||| Stepping ~*~*~tactically~*~*~ (retreating).
  1484 | D:3      | 1484 ||| Stepping ~*~*~tactically~*~*~ (retreating).
  1485 | D:3      | 1485 ||| Stepping ~*~*~tactically~*~*~ (retreating).
  1486 | D:3      | 1486 ||| Stepping ~*~*~tactically~*~*~ (retreating).
  1497 | D:3      | Slain by a gnoll

Levels and vault maps discovered:
D:1:      dpeg_arrival_water_temple_mockup, layout_loops_ring, serial_shops,
          nicolae_shop_window_shopping
D:2:      layout_rooms, minmay_crystal_room, uniq_natasha
D:3:      layout_basic, nicolae_sif_muna_little_library,
          dreamdust_princess_bridge, grunt_ministairs_13

Skill      XL: |  1  2  3  4 |
---------------+-------------+-----
Ranged Weapons | 5 |  5.7
Fighting       | 3 |  3.0
Dodging        | |  1.5
Stealth        | |  1.1

Action                     |  1- 3 |  4- 6 || total
---------------------------+-------+-------++-------
   Fire: Shortbow          |    72 |    65 ||   137
    Use: Scroll            |     3 |     3 ||     6
 Armour: Leather armour    |    16 |    29 ||    45
  Dodge: Dodged            |    18 |    21 ||    39
  Block: Other             |     5 |     8 ||    13

Table legend:
 A = Non-vault XP
 B = Vault XP
 C = Vault XP percentage of total XP
 D = Non-vault monster count
 E = Vault monster count
 F = Vault count percentage of total count
                 A         B        C        D         E       F
            +---------+---------+-------+---------+---------+-------
      Total |     106 |      53 |  33.3 |      49 |       3 |   5.8
            +---------+---------+-------+---------+---------+-------
        D:1 |      40 |      36 |  47.4 |      24 |       1 |   4.0
        D:2 |      52 |       0 |   0.0 |      24 |       0 |   0.0
        D:3 |      14 |      17 |  54.8 |       1 |       2 |  66.7
            +---------+---------+-------+---------+---------+-------
